 Dungeon Crawl Stone Soup version 0.30-a0-760-g5a9884bb7c (webtiles) character file.

Game seed: 9124431045815009568

75 Newt the Trooper (level 4, 0/38 HPs)
             Began as a Demonspawn Gladiator on Feb 11, 2023.
             Slain by a gnoll
             ... wielding a +0 spear
              (4 damage)
             ... on level 2 of the Dungeon.
             The game lasted 00:01:15 (903 turns).

Newt the Trooper (Demonspawn Gladiator)              Turns: 903, Time: 00:01:16

Health: 0/38       AC:  6    Str: 17    XL:     4   Next: 11%
Magic:  0/4        EV: 12    Int:  9    God:
Gold:   83         SH:  0    Dex: 14    Spells: 3/3 levels left

rFire   . . .      SeeInvis .    a - +0 rapier
rCold   . . .      Faith    .    (no shield)
rNeg    . . .      Spirit   +    b - +0 leather armour
rPois   .          Reflect  .    c - +0 helmet
rElec   .          Harm     .    (no cloak)
rCorr   .          Rampage  .    (no gloves)
Will    .....                    (no boots)
Stlth   +                        k - amulet of guardian spirit
HPRegen 0.26/turn                (no ring)
MPRegen 0.09/turn                (no ring)

@: no status effects
A: slimy green scales 1, ignite blood 1
a: no special abilities


You were on level 2 of the Dungeon.
You visited 1 branch of the dungeon, and saw 2 of its levels.

You collected 83 gold pieces.

Inventory:

Hand Weapons
 a - a +0 rapier (weapon)
Missiles
 d - 2 throwing nets (quivered)
 e - 2 javelins
 i - 5 boomerangs
Armour
 b - a +0 leather armour (worn)
 c - a +0 helmet (worn)
Jewellery
 f - a ring of fire
 k - an amulet of guardian spirit (around neck)
Scrolls
 h - a scroll of immolation
 j - a scroll of noise
 m - a scroll of enchant weapon {unknown}
 n - a scroll of summoning {unknown}
Potions
 g - a potion of attraction {unknown}
 l - a potion of might {unknown}


   Skills:
 + Level 4.4 Fighting
 - Level 2.6 Short Blades
 - Level 1.7 Throwing
 - Level 2.6 Dodging


You had 3 spell levels left.
You didn't know any spells.
Your spell library contained the following spells:

 Spells                   Type           Power      Damage    Failure   Level
 Blink                    Tloc           0%         N/A       58%         2
 Manifold Assault         Tloc           0%         N/A       99%         4
 Storm Form               Tmut/Air       0%         N/A       100%        7


Dungeon Overview and Level Annotations

Branches:
Dungeon (2/15)

Altars:


Innate Abilities, Weirdness & Mutations

You are partially covered in slimy green scales. (AC +2)
Your demonic aura sometimes causes spilled blood to erupt in flames.


Message History

The gnoll hits you with a +0 whip!
* * * LOW HITPOINT WARNING * * *
The gnoll hits you from afar with a +0 spear.
* * * LOW HITPOINT WARNING * * *
The gnoll hits you from afar with a +0 spear.
* * * LOW HITPOINT WARNING * * *
The gnoll hits you but does no damage.
Throw: 3 javelins
Press: ? - help, Shift-Dir - straight line, f/p - gnoll
Aim: a gnoll, wielding a +0 whip (almost dead, 64% to hit)
You throw a javelin. The javelin pierces through the gnoll.
You kill the gnoll!
The javelin pierces through the gnoll.
The gnoll is lightly wounded.
The javelin pierces through the giant cockroach.
The giant cockroach is heavily wounded.
The gnoll closely misses you.
You have reached level 4!
You feel stronger.
Throw: 4 throwing nets
Press: ? - help, Q - select action, (/) - cycle Shift-Dir - straight line, f - gnoll
Aim: a gnoll, wielding a +0 spear (lightly wounded, 64% to hit)
You throw a throwing net.
The throwing net closely misses the gnoll.
The throwing net hits the giant cockroach.
The giant cockroach is caught in the net!
The giant cockroach is heavily wounded.
The giant cockroach struggles against the net.
The gnoll hits you but does no damage.
Unknown command.
Throw: 3 throwing nets
Press: ? - help, Q - select action, (/) - cycle Shift-Dir - straight line, f/p - gnoll
Aim: a gnoll, wielding a +0 spear (lightly wounded, 64% to hit)
You throw a throwing net.
The throwing net barely misses the gnoll.
The throwing net hits the giant cockroach.
The giant cockroach is heavily wounded.
The giant cockroach struggles against the net.
The gnoll hits you from afar with a +0 spear.
You die...

### ############
#.. (...Bg)@..$#
#.# ##########.#
#.# #.# #.#
#.##### #.#
#.#...#######.#
#.....<.....[.#
###...##.......
....."...>######
####...##.######


You could see a gnoll and a giant cockroach (caught).

Vanquished Creatures
  2 gnolls (D:2)
  2 worms (D:2)
  2 dart slugs (D:1)
  An endoplasm (D:1)
  2 giant cockroaches
  3 goblins (D:1)
  3 hobgoblins (D:1)
  4 jackals (D:1)
  6 kobolds (D:1)
  3 quokkas
  2 ball pythons (D:1)
  8 bats
  A frilled lizard (D:1)
  2 rats (D:1)
41 creatures vanquished.

Notes
Turn   | Place    | Note
-------+----------+-------------------------------------------
     0 | D:1      | Newt the Demonspawn Gladiator began the quest for the Orb.
     0 | D:1      | Reached XP level 1. HP: 16/16 MP: 1/1
    42 | D:1      | Gained mutation: Your demonic aura sometimes causes spilled
                  | blood to erupt in flames. [demonic ancestry]
    42 | D:1      | Reached XP level 2. HP: 22/23 MP: 2/2
    56 | D:1      | Reached skill level 3 in Fighting
   277 | D:1      | Gained mutation: You are partially covered in slimy green
                  | scales. (AC +2) [demonic ancestry]
   277 | D:1      | Reached XP level 3. HP: 27/29 MP: 3/3
   659 | D:2      | Reached skill level 4 in Fighting
   902 | D:2      | Reached XP level 4. HP: 3/38 MP: 1/4
   903 | D:2      | Slain by a gnoll

Illustrated notes

Levels and vault maps discovered:
D:1:      minmay_arrival_arboretum_small, layout_basic, minmay_hexomino_u4
D:2:      layout_basic

Skill      XL: |  1  2  3 |
---------------+----------+-----
Fighting       | 3 4 |  4.4
Short Blades   | |  2.6
Throwing       | |  1.7
Dodging        | |  2.6

Action                     |  1- 3 |  4- 6 || total
---------------------------+-------+-------++-------
  Melee: Rapier            |   144 |       ||   144
         Punch             |     3 |       ||     3
  Throw: Javelin           |     2 |       ||     2
         Throwing net      |       |     2 ||     2
    Use: Scroll            |     4 |       ||     4
   Stab: Sleeping          |     1 |       ||     1
 Armour: Leather armour    |    65 |     1 ||    66
  Dodge: Dodged            |   124 |       ||   124

Table legend: (Time is in decaauts)
 A = Elapsed time spent in this place.
 B = Non-inter-level travel time spent in this place.
 C = Inter-level travel time spent in this place.
 D = Time resting spent in this place.
 E = Time spent auto-exploring this place.
 F = Levels seen in this place.
 G = Mean time per level.
                   A        B        C        D        E       F      G
               +--------+--------+--------+--------+--------+-----+--------+
         Total |    913 |    897 |     16 |    160 |    467 |   2 |  456.5 |
       Dungeon |    913 |    897 |     16 |    160 |    467 |   2 |  456.5 |
               +--------+--------+--------+--------+--------+-----+--------+

Top non-repeatable levels by time:
     D:1: 637 daAuts
     D:2: 276 daAuts
